 Dungeon Crawl Stone Soup version 0.30-a0-149-g7f746667c4 (webtiles) character file.

Game seed: 6531807455373977274

4 ytrimaz the Magician (level 1, 15/15 HPs)
             Began as a Djinni Hedge Wizard on Sept 26, 2022.
             Quit the game on level 1 of the Dungeon.
             The game lasted 00:00:32 (558 turns).

ytrimaz the Magician (Djinni Hedge Wizard)           Turns: 558, Time: 00:00:33

Health: 15/15      AC:  2    Str: 15    XL:     1   Next: 66%
Gold:   49         EV: 12    Int: 15    God:
                   SH:  0    Dex: 12

rFire   + + .      SeeInvis +    a - +0 dagger
rCold   x . .      Faith    .    (no shield)
rNeg    . . .      Spirit   .    b - +0 robe rPois โˆž Reflect .
                                 c - +0 hat
rElec   .          Harm     .    (no cloak)
rCorr   .          Rampage  .    (no gloves)
Will    .....                    (boots unavailable)
Stlth   ++........               (no amulet)
HPRegen 0.05/turn                f - +6 ring of strength
MPRegen 0.00/turn                g - ring of see invisible

@: flying
A: sickness immunity, fire resistance 2, cold vulnerability 1, float, innate
caster, HP casting, extra vitality 1
a: no special abilities


You were on level 1 of the Dungeon.
You visited 1 branch of the dungeon, and saw 1 of its levels.

You collected 49 gold pieces.


Innate Abilities, Weirdness & Mutations

You are immune to sickness and miasma.
You are immune to poison.
Your flesh is very heat resistant. (rF++)
You are vulnerable to cold. (rC-)
You float through the air rather than walking.
You learn spells naturally, not from books.
Your magical power is your life essence.
You have superior vitality. (+4 MHP)


   Skills:
 + Level 2.3 Dodging
 - Level 1.5 Stealth
 * Level 2.5 Spellcasting


You couldn't memorise any spells.
You knew the following spells:

 Your Spells              Type           Power      Damage    Failure   Level
a - Magic Dart            Conj           36%        1d4       8%          1
b - Slow                  Hex            36%        N/A       8%          1
c - Blink                 Tloc           18%        N/A       11%         2
d - Call Imp              Summ           9%         N/A       11%         2
e - Cigotuvi's Dreadful   Necr/Pois/Air  18%        N/A       11%         2
f - Mephitic Cloud        Conj/Pois/Air  9%         N/A       22%         3
Your spell library was empty.

Inventory:

Hand Weapons
 a - a +0 dagger (weapon)
Armour
 b - a +0 robe (worn)
 c - a +0 hat (worn)
Jewellery
 f - a +6 ring of strength (left hand)
   (You found it on level 1 of the Dungeon)
 g - a ring of see invisible (right hand)
   (You found it on level 1 of the Dungeon)
Scrolls
 e - 2 scrolls of identify {unknown}
Potions
 d - a potion of brilliance {unknown}
 h - a potion of mutation {unknown}

Dungeon Overview and Level Annotations

Branches:
Dungeon (1/15) Zot: 5443

Altars:

#.........###........###.#..#####
#.####รท##.# ##...^.#........#
#.# #.##.# ##...######.#### #.#
##.##.# ##'## #.# #.###..##.# #.#
#.# #>........######.# #.#
#####.###......#.## #.# #.#
#.####....######.# ##.###.#
#..@..).....# #)#....#
##...###### ##.##### ##.## ###
###


There were no monsters in sight!


Message History

There is an open door here.
f - a +6 ring of strength You now have 27 gold pieces (gained 5).
You reach down and open the door.
There is an open door here.
There is a stone staircase leading down here.
You now have 39 gold pieces (gained 12).
A rat comes into view.
You see here 5 gold pieces.
You feel stronger.
f - a +6 ring of strength (left hand) Unknown command.
The magic dart hits the rat. ๐Ÿ˜• HP[-1]
You take 1 damage, and now have 14/15 hp.
The magic dart hits the rat.
You kill the rat! ๐Ÿ˜• HP[-1]
You take 1 damage, and now have 13/15 hp.
Unknown command.
You can't see any susceptible monsters within range! (Use Z to cast anyway.)
You can't see any susceptible monsters within range! (Use Z to cast anyway.)
You now have 44 gold pieces (gained 5).
Key pressed, stopping explore.
Unknown command. ๐Ÿ˜Ž HP[+2]
Your hp is fully restored (15).
g - a ring of see invisible You reach down and open the door.
There is an open door here.
A hobgoblin comes into view.
Unknown command.
A hobgoblin is nearby!
A hobgoblin is nearby!
A hobgoblin is nearby!
g - a ring of see invisible (right hand)
A hobgoblin is nearby!
The magic dart hits the hobgoblin.
The hobgoblin shouts! ๐Ÿ˜• HP[-1]
You take 1 damage, and now have 14/15 hp.
The magic dart hits the hobgoblin. ๐Ÿ˜• HP[-1]
You take 1 damage, and now have 13/15 hp.
The magic dart hits the hobgoblin.
You kill the hobgoblin! ๐Ÿ˜• HP[-1]
You take 1 damage, and now have 12/15 hp.
You see here a hobgoblin corpse.
You see here a +0 rapier.
Found a stone staircase leading down. ๐Ÿ˜Ž HP[+3]
Your hp is fully restored (15).
Unknown command.
There is a stone staircase leading down here.
You now have 49 gold pieces (gained 5).
Key pressed, stopping explore.
An endoplasm and a bat come into view.
Unknown command.
There are monsters nearby!
There are monsters nearby!
The magic dart hits the endoplasm.
The endoplasm quivers.
There are monsters nearby!
Unknown command.
There are monsters nearby!
The magic dart hits the endoplasm. ๐Ÿ˜• HP[-1]
You take 1 damage, and now have 14/15 hp.
Unknown command.
The magic dart hits the endoplasm.
You kill the endoplasm!
The bat barely misses you.
The bat hits you but does no damage. ๐Ÿ˜• HP[-1]
You take 1 damage, and now have 13/15 hp.
The magic dart hits the bat but does no damage.
The bat barely misses you.
The bat hits you but does no damage. x2 ๐Ÿ˜• HP[-1]
You take 1 damage, and now have 12/15 hp.
Unknown command.
A bat is nearby!
A bat is nearby!
The magic dart hits the bat.
You kill the bat! ๐Ÿ˜ฎ HP[-1]
You take 1 damage, and now have 11/15 hp.
Unknown command.
You are too injured to fight recklessly!
You are too injured to fight recklessly!
Unknown command.
Key pressed, stopping explore.
You see here a book of Callings.
Key pressed, stopping explore.
There is an open door here.
You reach down and open the door.
There is an open door here.
h - a lumpy orange potion ๐Ÿ˜Ž HP[+4]
Your hp is fully restored (15).
Are you sure you want to abandon this character and quit the game? (Confirm with "yes".)

Action                   || total
-------------------------++-------
 Cast: Magic Dart        ||    10
Armor: Robe              ||     3
Dodge: Dodged            ||     2

Levels and vault maps discovered:
D:1:      minmay_arrival_diagonal_passages, layout_loops_corners

Notes
Turn   | Place    | Note
-------+----------+-------------------------------------------
     0 | D:1      | ytrimaz the Djinni Hedge Wizard began the quest for the
                  | Orb.
     0 | D:1      | ytrimaz set off with the following spells memorised: Magic
                  | Dart, Slow, Blink, Call Imp, Cigotuvi's Dreadful Rot,
                  | Mephitic Cloud.
     0 | D:1      | Reached XP level 1. HP: 15/15 MP: 0/0
     0 | D:1      | magus.rc [v1.9.6]
   558 | D:1      | Quit the game

Vanquished Creatures
  An endoplasm (D:1)
  A hobgoblin (D:1)
  A bat (D:1)
  A rat (D:1)
4 creatures vanquished.

Table legend:
 A = Non-vault XP
 B = Vault XP
 C = Vault XP percentage of total XP
 D = Non-vault monster count
 E = Vault monster count
 F = Vault count percentage of total count
                 A         B        C        D         E       F
            +---------+---------+-------+---------+---------+-------
      Total |       6 |       0 |   0.0 |       4 |       0 |   0.0
            +---------+---------+-------+---------+---------+-------
        D:1 |       6 |       0 |   0.0 |       4 |       0 |   0.0
            +---------+---------+-------+---------+---------+-------

Illustrated notes

Table legend:
 A = Kills in this place as a percentage of kills in entire the game.
 B = Kills by you in this place as a percentage of kills by you in the entire game.
 C = Kills by friends in this place as a percentage of kills by friends in the entire game.
 D = Other kills in this place as a percentage of other kills in the entire game.
 E = Experience gained in this place as a percentage of experience gained in the entire game.
 F = Experience gained in this place divided by the number of levels of this place that you have seen.
                   A       B       C       D       E      F
               +-------+-------+-------+-------+-------+----------------------
         Total | 100.0 | 100.0 |   N/A |   N/A | 100.0 |   6.0
       Dungeon | 100.0 | 100.0 |   N/A |   N/A | 100.0 |   6.0
               +-------+-------+-------+-------+-------+----------------------

Table legend: (Time is in decaauts)
 A = Elapsed time spent in this place.
 B = Non-inter-level travel time spent in this place.
 C = Inter-level travel time spent in this place.
 D = Time resting spent in this place.
 E = Time spent auto-exploring this place.
 F = Levels seen in this place.
 G = Mean time per level.
                   A        B        C        D        E       F      G
               +--------+--------+--------+--------+--------+-----+--------+
         Total |    557 |    557 |      0 |      0 |    534 |   1 |  557.0 |
       Dungeon |    557 |    557 |      0 |      0 |    534 |   1 |  557.0 |
               +--------+--------+--------+--------+--------+-----+--------+

Top non-repeatable levels by time:
     D:1: 557 daAuts
